 Dungeon Crawl Stone Soup version 0.19.5 (webtiles) character file.

2768 Yousuki the Spear-Bearer (level 9, 0/117 HPs)
             Began as a Minotaur Berserker on May 19, 2017.
             Was an Elder of Trog.
             Slain by a killer bee (6 damage)
             ... on level 8 of the Dungeon.
             The game lasted 00:51:15 (5740 turns).

Yousuki the Spear-Bearer (Minotaur Berserker)       Turns: 5740, Time: 00:51:19

Health: 0/117      AC: 24    Str: 25    XL:     9   Next: 42%
Magic:  8/8        EV:  2    Int:  6    God:    Trog [****..]
Gold:   421        SH:  0    Dex: 10    Spells: 0 memorised, 8 levels left

rFire  . . .     SeeInvis .     Q - +3 scythe (flame)
rCold  + . .     Gourm    .     (armour currently unavailable)
rNeg   + + +     Faith    .     (shield currently unavailable)
rPois  +         Spirit   .     (helmet currently unavailable)
rElec  .         Reflect  .     (cloak currently unavailable)
rCorr  .         Harm     .     (gloves currently unavailable)
MR     .....     NoTele   +     (boots currently unavailable)
Stlth  +.........               W - amulet of inaccuracy (curse)
                                B - ring of positive energy
                                S - ring of protection from cold

@: lethally poisoned (0 -> -2), tree-form
A: (retaliatory headbutt), (horns 0), clever 1
a: Berserk, Trog's Hand, Brothers in Arms, Burn Spellbooks, Renounce Religion


You were on level 8 of the Dungeon.
You worshipped Trog.
Trog was greatly pleased with you.
You were not hungry.
You were a tree.
You visited 2 branches of the dungeon, and saw 9 of its levels.

You collected 421 gold pieces.

Inventory:

Hand Weapons
 x - a +4 quarterstaff of chaos
 K - a +0 rapier of speed
 Q - a +3 scythe of flaming (weapon)
Missiles
 e - 195 stones
 t - a tomahawk (quivered)
 y - 4 javelins
 F - 5 large rocks
Armour
 w - a +3 ring mail of fire resistance
 E - a +0 plate armour (melded)
 J - a +0 cloak (melded)
 L - a +0 pair of gloves (melded)
 T - a +0 shield
Jewellery
 c - a +3 ring of intelligence
 B - a ring of positive energy (right branch)
 S - a ring of protection from cold (left branch)
 W - a cursed amulet of inaccuracy (around neck)
 Y - an uncursed ring of poison resistance {unknown}
Wands
 a - a wand of flame (23/48)
 v - a wand of teleportation (4/9)
 G - a wand of lightning (1/15)
 H - a wand of polymorph (7/24)
Scrolls
 g - 14 scrolls of identify {unknown}
 i - 2 scrolls of magic mapping {unknown}
 k - 4 scrolls of fear {unknown}
 m - a scroll of blinking {unknown}
 n - 5 scrolls of remove curse {unknown}
 r - 2 scrolls of enchant armour {unknown}
 A - 2 scrolls of enchant weapon {unknown}
 C - 2 scrolls of noise {unknown}
 D - 3 scrolls of teleportation {unknown}
 O - 3 scrolls of recharging {unknown}
 U - a scroll of fog {unknown}
 Z - a scroll of brand weapon {unknown}
Potions
 z - a potion of degeneration
 N - a potion of cure mutation
Books
 o - a book of Minor Magic

   Spells                             Type                      Level
   a - Magic Dart                     Conjuration                  1
   b - Blink                          Translocation                2
   c - Call Imp                       Summoning                    2
   d - Repel Missiles                 Charms/Air                   2
   e - Slow                           Hexes                        2
   f - Conjure Flame                  Conjuration/Fire             3
   g - Mephitic Cloud                 Conjuration/Poison/Air       3
   Trog disapproves of the use of such an item.
 u - a book of Changes

   Spells                             Type                      Level
   a - Beastly Appendage              Transmutation                1
   b - Sticks to Snakes               Transmutation                2
   c - Spider Form                    Transmutation/Poison         3
   d - Ice Form                       Ice/Transmutation            4
   e - Blade Hands                    Transmutation                5
   Trog disapproves of the use of such an item.
 R - a book of Clouds

   Spells                             Type                      Level
   a - Mephitic Cloud                 Conjuration/Poison/Air       3
   b - Conjure Flame                  Conjuration/Fire             3
   c - Poisonous Cloud                Conjuration/Poison/Air       6
   d - Freezing Cloud                 Conjuration/Ice/Air          6
   e - Ring of Flames                 Charms/Fire                  7
   Trog disapproves of the use of such an item.
 V - a book of Minor Magic

   Spells                             Type                      Level
   a - Magic Dart                     Conjuration                  1
   b - Blink                          Translocation                2
   c - Call Imp                       Summoning                    2
   d - Repel Missiles                 Charms/Air                   2
   e - Slow                           Hexes                        2
   f - Conjure Flame                  Conjuration/Fire             3
   g - Mephitic Cloud                 Conjuration/Poison/Air       3
   Trog disapproves of the use of such an item.
Comestibles
 d - 3 meat rations
 j - 4 beef jerkies
 M - 4 bread rations


   Skills:
 + Level 6.6 Fighting
 + Level 3.3 Short Blades
   Level 1.7(3.4) Maces & Flails
 + Level 8.4(8.9) Polearms
 + Level 4.5(7.2) Staves
 + Level 5.0 Throwing
 + Level 7.6 Armour
 + Level 4.2 Dodging
 + Level 1.0 Stealth
 + Level 0.1 Evocations


You had 8 spell levels left.
You didn't know any spells.

Dungeon Overview and Level Annotations

Branches:
Dungeon (8/15)             Temple (1/1) D:7
   Lair: D:8-11

Altars:
Ashenzari
Cheibriados
Dithmenos
Elyvilon
Fedhas
Gozag
Hepliaklqana
Kikubaaqudgha
Makhleb
Nemelex Xobeh
Okawaru
Qazlal
Ru
Trog
Uskayaw
Vehumet
Xom
Yredelemnul
Zin
The Shining One


Innate Abilities, Weirdness & Mutations

((You reflexively headbutt those who attack you in melee.))
((You have a pair of horns on your head.))
Your mind is acute. (Int +2)


Message History

The killer bee is moderately wounded.
You feel sick.
The killer bee stings you but does no damage. x2
The killer bee stings you.
* * * LOW HITPOINT WARNING * * *
The killer bee completely misses you.
The killer bee stings you but does no damage. x2
The killer bee stings you.
* * * LOW HITPOINT WARNING * * *
The killer bee barely misses you.
The ogre hits you with a giant spiked club.
* * * LOW HITPOINT WARNING * * *
The killer bee stings you but does no damage. x4
You slash the killer bee! You burn the killer bee.
You kill the killer bee!
Trog accepts your kill.
You feel sick.
The killer bee stings you but does no damage. x2
The killer bee stings you.
You die...

####### #####
....... #...#
.......##...#####
♣.............#
♣(...yO.......#
♣(..♣y.......#
♣...yy.......#
♣........#...#
.....###.......#
...... ..##..:.#
...... ... .....
..... .... ..?.
##### ....(.....


You could see an ogre and 4 killer bees.

Vanquished Creatures
  Pikel (D:5)
  Prince Ribbit (D:6)
  Sigmund (D:6)
  Eustachio (D:4)
  Menkaure (D:6)
  A sky beast (D:7)
  An orc warrior (D:7)
  2 ogres
  2 phantoms
  Blork the orc (D:4)
  2 bullfrogs
  A wyvern skeleton (D:7)
  A water moccasin skeleton (D:5)
  2 scorpions
  A killer bee (D:8)
  A jelly (D:7)
  A gnoll shaman (D:6)
  A hound (D:6)
  Crazy Yiuf (D:4)
  5 orc priests
  2 iguanas (D:7)
  4 orc wizards
  2 worker ants (D:6)
  A hound skeleton (D:4)
  A worker ant zombie (D:7)
  13 gnolls
  5 adders
  A river rat (D:5)
  3 adder skeletons
  5 worms
  3 dart slugs
  8 leopard geckos
  10 orcs
  8 bats
  5 giant cockroaches
  9 goblins
  6 hobgoblins
  7 jackals
  10 kobolds
  4 quokkas
  2 frilled lizards (D:1)
  A leopard gecko skeleton (D:6)
  6 rats
  A spectral orc (D:5)
145 creatures vanquished.

Vanquished Creatures (others)
  2 worker ants (D:5)
  An adder (D:5)
  A leopard gecko (D:5)
4 creatures vanquished.

Grand Total: 149 creatures vanquished

Notes
Turn   | Place    | Note
-------+----------+-------------------------------------------
     0 | D:1      | Yousuki the Minotaur Berserker began the quest for the Orb.
     0 | D:1      | Reached XP level 1. HP: 19/19 MP: 0/0
    91 | D:1      | Reached skill level 4 in Polearms
   157 | D:1      | Reached XP level 2. HP: 20/27 MP: 1/1
   844 | D:2      | Reached XP level 3. HP: 33/33 MP: 2/2
   871 | D:2      | Reached ** piety under Trog
  1045 | D:2      | Reached XP level 4. HP: 38/40 MP: 3/3
  1099 | D:2      | Reached skill level 5 in Polearms
  1685 | D:3      | Reached XP level 5. HP: 29/47 MP: 4/4
  2149 | D:4      | Reached *** piety under Trog
  2327 | D:4      | Reached skill level 6 in Polearms
  2355 | D:4      | Noticed Blork the orc
  2367 | D:4      | Killed Blork the orc
  2367 | D:4      | Reached XP level 6. HP: 49/53 MP: 5/5
  2461 | D:4      | Noticed Eustachio
  2487 | D:4      | Killed Eustachio
  2644 | D:4      | Reached skill level 5 in Fighting
  2644 | D:4      | Reached skill level 1 in Maces & Flails
  2644 | D:4      | Reached skill level 7 in Polearms
  2644 | D:4      | Reached XP level 7. HP: 61/61 MP: 6/6
  2670 | D:4      | Found a runed door.
  2761 | D:4      | Found a glowing silver altar of Zin.
  3004 | D:4      | Noticed Crazy Yiuf
  3015 | D:4      | Killed Crazy Yiuf
  3025 | D:4      | Gained mutation: Your mind is acute. (Int +2) [potion of beneficial mutation]
  3071 | D:5      | Entered Level 5 of the Dungeon
  3071 | D:5      | Found a hide-covered altar of Uskayaw.
  3072 | D:5      | Found an opulent altar of Gozag.
  3076 | D:5      | Found a burning altar of Makhleb.
  3085 | D:5      | Reached skill level 1 in Short Blades
  3088 | D:5      | Reached skill level 1 in Throwing
  3097 | D:5      | Noticed Pikel
  3104 | D:5      | Reached skill level 5 in Armour
  3111 | D:5      | Killed Pikel
  3111 | D:5      | Reached skill level 1 in Stealth
  3111 | D:5      | Reached XP level 8. HP: 45/69 MP: 7/7
  3178 | D:5      | Found a basalt altar of Yredelemnul.
  3204 | D:5      | Found a shattered altar of Ashenzari.
  3674 | D:5      | Found a glowing drain.
  3977 | D:6      | Noticed Sigmund
  3989 | D:6      | Killed Sigmund
  4260 | D:6      | Noticed Menkaure
  4265 | D:6      | Killed Menkaure
  4277 | D:6      | Received a gift from Trog
  4332 | D:6      | Noticed Prince Ribbit
  4335 | D:6      | Killed Prince Ribbit
  4335 | D:6      | Reached XP level 9. HP: 49/75 MP: 8/8
  4699 | D:7      | Reached **** piety under Trog
  5025 | D:7      | Reached skill level 8 in Polearms
  5052 | D:7      | Found a staircase to the Ecumenical Temple.
  5078 | Temple   | Entered the Ecumenical Temple
  5581 | D:7      | Reached skill level 5 in Throwing
  5740 | D:8      | Slain by a killer bee

Skill      XL: |  1  2  3  4  5  6  7  8  9 |
---------------+----------------------------+-----
Polearms       | 4 5 6 7 8 |  8.4
Fighting       | 4 5 6 |  6.6
Armour         | 3 4 5 6 7 |  7.6
Dodging        | 3 4 |  4.2
Maces & Flails | 1 |  1.7
Short Blades   | 2 3 |  3.3
Throwing       | 2 4 5 |  5.0
Staves         | 2 4 |  4.5
Stealth        | 1 |  1.0
Evocations     | |  0.1

Action                   |  1- 3 |  4- 6 |  7- 9 || total
-------------------------+-------+-------+-------++-------
Melee: Spear             |   110 |   139 |       ||   249
       Headbutt          |    11 |    17 |    31 ||    59
       Dire flail        |       |    27 |       ||    27
       Rapier            |       |     6 |     9 ||    15
       Quarterstaff      |       |       |    60 ||    60
       Scythe            |       |       |   104 ||   104
Throw: Stone             |       |    15 |    28 ||    43
       Tomahawk          |       |       |    75 ||    75
Evoke: Wand              |       |       |     1 ||     1
  Use: Potion            |     3 |     2 |     6 ||    11
  Eat: Bread ration      |       |     2 |     1 ||     3
       Meat ration       |       |       |     1 ||     1
Armor: Animal skin       |     3 |       |       ||     3
       Leather armour    |    16 |     3 |       ||    19
       Ring mail         |       |    25 |       ||    25
       Plate armour      |       |    53 |   151 ||   204
       Skin              |       |       |    26 ||    26
Dodge: Dodged            |    49 |    74 |    98 ||   221
